 Dungeon Crawl Stone Soup version 0.32-a0-391-gce5c0aab1b (webtiles) character file.

Game seed: 5050222424740232967

8573 pokeman the Thaumaturge (level 11, -12/61 HPs)
             Began as a Deep Elf Hedge Wizard on Feb 20, 2024.
             Was a Priest of Vehumet.
             Mangled by a skeletal warrior
             ... wielding a +0 glaive
              (28 damage)
             ... on level 11 of the Dungeon.
             The game lasted 00:20:34 (9387 turns).

pokeman the Thaumaturge (Deep Elf Hedge Wizard)     Turns: 9387, Time: 00:20:34

Health: -12/61     AC:  4    Str:  7    XL:     11   Next: 11%
Magic:  11/30      EV: 13    Int: 27    God:    Vehumet [***...]
Gold:   908        SH:  0    Dex: 14    Spells: 23/37 levels left

rFire   + . .        s - +12 trident of Cocytus {heavy, rF+ Will- Int+3}
rCold   . . .        (no shield)
rNeg    . . .        b - +0 robe
rPois   .            c - +0 hat
rElec   .            r - +0 cloak
rCorr   +            (no gloves)
SInv    .            I - +0 pair of boots
Will    +....        p - amulet of magic regeneration
Stlth   ++           i - ring of willpower
HPRegen 0.30/turn    L - ring of resist corrosion
MPRegen 0.62/turn

%: no passive effects
@: no status effects
A: no striking features
a: Renounce Religion


You were on level 11 of the Dungeon.
You worshipped Vehumet.
Vehumet was most pleased with you.
You visited 1 branch of the dungeon, and saw 11 of its levels.

You collected 908 gold pieces.

Inventory:

Hand Weapons
 s - the +12 trident of Cocytus (weapon) {heavy, rF+ Will- Int+3}
   (You found it on level 4 of the Dungeon)

   Int+3:     It affects your intelligence (+3).
   rF+:       It protects you from fire.
   Will-:     It decreases your willpower.
Missiles
 z - 2 curare-tipped darts
Armour
 b - a +0 robe (worn)
 c - a +0 hat (worn)
 r - a +0 cloak (worn)
 I - a +0 pair of boots (worn)
Jewellery
 i - a ring of willpower (left hand)
 p - an amulet of magic regeneration (around neck)
 u - an amulet of faith
 L - a ring of resist corrosion (right hand)
 O - a ring of willpower
Wands
 j - a wand of paralysis (25)
 y - a wand of iceblast (3)
 H - a wand of quicksilver (7)
 K - a wand of polymorph (4)
Scrolls
 a - 2 scrolls of fog {unknown}
 f - 8 scrolls of identify {unknown}
 l - 2 scrolls of revelation {unknown}
 q - 7 scrolls of teleportation {unknown}
 v - 3 scrolls of enchant weapon {unknown}
 w - 2 scrolls of noise {unknown}
 x - a scroll of fear {unknown}
 A - a scroll of poison {unknown}
 B - 2 scrolls of summoning {unknown}
 F - 2 scrolls of silence {unknown}
 G - a scroll of immolation {unknown}
 M - a scroll of brand weapon {unknown}
 N - a scroll of blinking {unknown}
Potions
 d - a potion of magic
 e - 3 potions of enlightenment {unknown}
 g - 2 potions of brilliance {unknown}
 h - a potion of cancellation {unknown}
 k - 2 potions of curing {unknown}
 m - 2 potions of invisibility {unknown}
 n - 2 potions of berserk rage {unknown}
 o - 3 potions of heal wounds {unknown}
 t - 2 potions of might {unknown}
 C - 2 potions of attraction {unknown}
 D - a potion of resistance {unknown}
 E - 3 potions of haste {unknown}
 J - 2 potions of degeneration {unknown}


   Skills:
 - Level 4.0 Fighting
 + Level 4.0 Armour
 - Level 3.2 Dodging
 - Level 3.0 Stealth
 * Level 13.9 Spellcasting
 + Level 8.0 Conjurations
 - Level 1.1 Hexes
 - Level 1.1 Summonings
 - Level 1.1 Translocations
 + Level 6.5 Fire Magic
 + Level 6.9 Ice Magic
 - Level 1.1 Air Magic
 - Level 1.0 Earth Magic
 - Level 1.0 Alchemy
 - Level 1.2 Evocations


You had 23 spell levels left.
You knew the following spells:

 Your Spells              Type           Power      Damage    Failure   Level
a - Magic Dart            Conj           100%       1d8       1%          1
b - Mephitic Cloud        Conj/Alch/Air  37%        N/A       1%          3
c - Call Imp              Summ           48%        N/A       2%          2
d - Blink                 Tloc           48%        N/A       2%          2
e - Foxfire               Conj/Fire      100%       2x1d9     1%          1
f - Stone Arrow           Conj/Erth      86%        3d12      1%          3
g - Ensorcelled Hibernat  Hex/Ice        80%        N/A       1%          2

Your spell library contained the following spells:

 Spells                   Type           Power      Damage    Failure   Level
 Inner Flame              Hex/Fire       39%        N/A       1%          3
 Slow                     Hex            96%        N/A       1%          1
 Dazzling Flash           Conj/Hex       86%        N/A       1%          3
 Lesser Beckoning         Tloc           48%        N/A       2%          2
 Cigotuvi's Dreadful Rot  Necr/Alch/Air  44%        N/A       3%          2
 Gell's Gravitas          Tloc           24%        N/A       5%          3
 Passwall                 Erth           24%        N/A       5%          3
 Swiftness                Air            25%        N/A       5%          3
 Teleport Other           Tloc           24%        N/A       5%          3
 Animate Armour           Summ/Erth      48%        N/A       19%         4
 Passage of Golubria      Tloc           24%        N/A       19%         4
 Silence                  Hex/Air        12%        N/A       45%         5
 Curse of Agony           Necr           18%        N/A       63%         5
 Lehudib's Crystal Spear  Conj/Erth      21%        10d6      99%         8


Dungeon Overview and Level Annotations

Branches:
Dungeon (11/15)            Temple (0/1) D:4
   Lair: D:8-11         Orc: D:9-12

Altars:
Ashenzari
Cheibriados
Dithmenos
Elyvilon
Fedhas
Makhleb
Nemelex Xobeh
Qazlal
Sif Muna
Trog
Vehumet
Wu Jian
Xom
Zin
The Shining One


Message History

Aiming: Stone Arrow (safe; 1% risk of failure)
Press: ? - help, Shift-Dir - straight line, f/p - skeletal warrior
Aim: a skeletal warrior, wielding a +0 glaive (moderately damaged, 76% to hit)
The stone arrow misses the skeletal warrior.
The skeletal warrior hits you from afar with a +0 glaive!!
Unknown command.
Casting: Stone Arrow (safe; 1% risk of failure)
Confirm with . or Enter, or press ? or * to list all spells.
Aiming: Stone Arrow (safe; 1% risk of failure)
Press: ? - help, Shift-Dir - straight line, f/p - skeletal warrior
Aim: a skeletal warrior, wielding a +0 glaive (moderately damaged, 76% to hit)
The stone arrow hits the skeletal warrior!
The skeletal warrior is heavily damaged.
The skeletal warrior closely misses you.
Unknown command.
Casting: Stone Arrow (safe; 1% risk of failure)
Confirm with . or Enter, or press ? or * to list all spells.
Aiming: Stone Arrow (safe; 1% risk of failure)
Press: ? - help, Shift-Dir - straight line, f/p - skeletal warrior
Aim: a skeletal warrior, wielding a +0 glaive (heavily damaged, 76% to hit)
The stone arrow misses the skeletal warrior.
The skeletal warrior barely misses you.
Unknown command.
Casting: Stone Arrow (safe; 1% risk of failure)
Confirm with . or Enter, or press ? or * to list all spells.
Aiming: Stone Arrow (safe; 1% risk of failure)
Press: ? - help, Shift-Dir - straight line, f/p - skeletal warrior
Aim: a skeletal warrior, wielding a +0 glaive (heavily damaged, 76% to hit)
The stone arrow hits the skeletal warrior!!
The skeletal warrior is almost destroyed.
The skeletal warrior hits you from afar with a +0 glaive!!
* * * LOW HITPOINT WARNING * * *
Casting: Stone Arrow (safe; 1% risk of failure)
Confirm with . or Enter, or press ? or * to list all spells.
Aiming: Stone Arrow (safe; 1% risk of failure)
Press: ? - help, Shift-Dir - straight line, f/p - skeletal warrior
Aim: a skeletal warrior, wielding a +0 glaive (almost destroyed, 76% to hit)
The stone arrow misses the skeletal warrior.
The skeletal warrior hits you from afar with a +0 glaive!!
You die...

#+# #.# #.# #.# ###+####
#.# #....... ###'#####
#.......
########..@....#####.......
#......'..)....'...#.......
+.######..z....###.'.......
#.......# ###.......
###'##### #....... #...#
#....... #.### ######## #z#
##.#


You could see a skeletal warrior.

Vanquished Creatures
  2 two-headed ogres
  A skeletal warrior (D:11)
  A cyclops (D:7)
  Maurice (D:9)
  A gargoyle (D:7)
  An unseen horror (D:10)
  A komodo dragon (D:10)
  Psyche (D:8)
  2 trolls
  2 wyverns
  A basilisk (D:10)
  2 steam dragons
  An acid dragon (D:7)
  A water moccasin (D:7)
  Duvessa (D:6)
  3 orc warriors
  2 ice beasts (D:6)
  2 black bears
  3 ogres (D:5)
  4 centaurs
  2 phantoms
  4 bullfrogs
  3 kobold brigands
  A scorpion (D:3)
  Dowan (D:6)
  8 killer bees
  4 electric eels (D:9)
  3 howler monkeys
  2 jellies
  3 orc priests
  2 bombardier beetles
  4 hounds
  A sleepcap (D:4)
  5 orc wizards
  3 iguanas
  Natasha (thrice) (D:2)
  4 gnolls
  8 adders
  A shadow imp (D:4)
  5 white imps
  2 dart slugs
  3 ribbon worms
  23 orcs
  7 ball pythons
  4 bats
  7 endoplasms
  2 giant cockroaches (D:2)
  6 goblins
  6 hobgoblins
  2 quokkas (D:1)
  5 frilled lizards
  16 kobolds
  3 rats
  A foxfire (D:5)
187 creatures vanquished.

Vanquished Creatures (collateral kills)
  A bullfrog (D:7)
  A hound (D:7)
  A foxfire (D:7)
3 creatures vanquished.

Vanquished Creatures (others)
  409 foxfires
409 creatures vanquished.

Grand Total: 599 creatures vanquished

Notes
Turn   | Place    | Note
-------+----------+-------------------------------------------
     0 | D:1      | pokeman the Deep Elf Hedge Wizard began the quest for the
                  | Orb.
     0 | D:1      | Reached XP level 1. HP: 10/10 MP: 7/7
   117 | D:1      | Reached XP level 2. HP: 16/16 MP: 7/9
   524 | D:1      | Reached skill level 5 in Spellcasting
   713 | D:1      | Reached XP level 3. HP: 20/20 MP: 8/11
   717 | D:1      | Learned a level 3 spell: Mephitic Cloud
   720 | D:1      | Learned a level 2 spell: Call Imp
   723 | D:1      | Learned a level 2 spell: Blink
   966 | D:2      | Noticed Natasha
   975 | D:2      | Killed Natasha
   976 | D:2      | Reached skill level 1 in Fighting
   976 | D:2      | Reached skill level 1 in Armour
  1094 | D:2      | Noticed Natasha
  1105 | D:2      | Killed Natasha
  1106 | D:2      | Reached XP level 4. HP: 17/25 MP: 0/13
  1238 | D:2      | Noticed Natasha
  1246 | D:2      | Killed Natasha
  1425 | D:2      | Found a faded altar of an unknown god.
  1447 | D:2      | Reached skill level 6 in Spellcasting
  1479 | D:2      | Reached XP level 5. HP: 28/29 MP: 7/15
  2093 | D:3      | Found a glowing silver altar of Zin.
  2159 | D:3      | Reached skill level 1 in Alchemy
  2427 | D:3      | Found a burning altar of Makhleb.
  2552 | D:3      | Found a shimmering blue altar of Sif Muna.
  2721 | D:3      | Found a radiant altar of Vehumet.
  2736 | D:3      | Became a worshipper of Vehumet
  2880 | D:4      | Noticed a phantom
  2880 | D:4      | Noticed a centaur
  2939 | D:3      | Killed a phantom
  2940 | D:3      | Reached skill level 1 in Air Magic
  2940 | D:3      | Reached skill level 1 in Evocations
  2940 | D:3      | Reached XP level 6. HP: 15/34 MP: 8/17
  2943 | D:3      | Learned a level 2 spell: Ensorcelled Hibernation
  3042 | D:4      | Reached skill level 7 in Spellcasting
  3052 | D:4      | Reached skill level 1 in Hexes
  3139 | D:4      | Found a bloodstained altar of Trog.
  3145 | D:4      | Reached skill level 1 in Ice Magic
  3145 | D:4      | Reached XP level 7. HP: 34/38 MP: 20/20
  3170 | D:4      | Identified the +12 trident of Cocytus {heavy, rF+ Will-
                  | Int+3}
  3289 | D:4      | Found a blossoming altar of Fedhas.
  3420 | D:4      | Found a staircase to the Ecumenical Temple.
  3547 | D:5      | Entered Level 5 of the Dungeon
  3548 | D:5      | Noticed a steam dragon
  3686 | D:5      | Reached skill level 8 in Spellcasting
  3723 | D:5      | Reached * piety under Vehumet
  3723 | D:5      | Offered knowledge of Foxfire by Vehumet.
  3731 | D:5      | Learned a level 1 spell: Foxfire
  3825 | D:5      | Reached skill level 1 in Fire Magic
  3833 | D:5      | Reached XP level 8. HP: 5/44 MP: 20/22
  4007 | D:5      | Reached skill level 9 in Spellcasting
  4176 | D:5      | Found a shimmering altar of Xom.
  4520 | D:6      | You fall into a shaft and drop 2 floors!
  4535 | D:8      | Reached skill level 5 in Conjurations
  4808 | D:7      | Reached skill level 10 in Spellcasting
  4980 | D:6      | Noticed a two-headed ogre
  4990 | D:6      | Killed a two-headed ogre
  4991 | D:6      | Reached XP level 9. HP: 48/48 MP: 25/25
  5067 | D:6      | Found a shadowy altar of Dithmenos.
  5083 | D:6      | Found a sparkling altar of Nemelex Xobeh.
  5179 | D:6      | Noticed Duvessa
  5179 | D:6      | Noticed Dowan
  5187 | D:6      | Killed Duvessa
  5189 | D:6      | Killed Dowan
  5190 | D:6      | Reached skill level 11 in Spellcasting
  5429 | D:6      | Found a snail-covered altar of Cheibriados.
  5616 | D:7      | Reached skill level 5 in Ice Magic
  5641 | D:7      | Offered knowledge of Mercury Vapours by Vehumet.
  5757 | D:7      | Noticed a cyclops
  5774 | D:7      | Killed a cyclops
  5774 | D:7      | Reached ** piety under Vehumet
  5791 | D:7      | Reached skill level 12 in Spellcasting
  5895 | D:7      | Noticed a gargoyle
  5938 | D:7      | Killed a gargoyle
  5939 | D:7      | Reached skill level 5 in Fire Magic
  5939 | D:7      | Reached XP level 10. HP: 56/56 MP: 28/28
  6073 | D:7      | Found an ornate altar of the Wu Jian Council.
  6724 | D:8      | Learned a level 3 spell: Stone Arrow
  6745 | D:8      | Noticed Psyche
  6751 | D:8      | Killed Psyche
  7099 | D:8      | Reached skill level 1 in Earth Magic
  7259 | D:9      | Noticed Maurice
  7276 | D:9      | Killed Maurice
  7470 | D:9      | Reached skill level 13 in Spellcasting
  7576 | D:9      | Found a stormy altar of Qazlal.
  7690 | D:9      | Found a broken altar of Ashenzari.
  7720 | D:9      | Offered knowledge of Inner Flame by Vehumet.
  8212 | D:10     | Entered Level 10 of the Dungeon
  8395 | D:10     | Found a white marble altar of Elyvilon.
  8447 | D:10     | Noticed a two-headed ogre
  8456 | D:10     | Killed a two-headed ogre
  8456 | D:10     | Reached *** piety under Vehumet
  8896 | D:10     | Reached XP level 11. HP: 51/61 MP: 22/30
  9140 | D:10     | Found a glowing golden altar of the Shining One.
  9283 | D:11     | Noticed a skeletal warrior
  9283 | D:11     | Noticed a skeletal warrior
  9303 | D:11     | Killed a skeletal warrior
  9387 | D:11     | Mangled by a skeletal warrior

Illustrated notes

Levels and vault maps discovered:
D:1:      lightli_arrival_statue_moat, layout_basic, grunt_decor_mini_mirrors,
          minmay_door_square
D:2:      layout_basic, dreamdust_ecumenical_altar_statues, uniq_natasha
D:3:      layout_loops_ring, led_sif_pool, zin_academy, lightli_temple_of_fire,
          overflow_temple_1_default
D:4:      layout_rooms, mainiacjoe_overflow_concentric_impassable, bloody_trog,
          minmay_temple_entry_glass
D:5:      minmay_angry_zag, layout_cave_pools, mainiacjoe_overflow_catwalk
D:6:      dreamdust_elfheim, layout_basic, grunt_dithmenos_smoke,
          lemuel_doored_altar, chei_slow_surprise, hangedman_decor_points
D:7:      minmay_the_grid_plus [minmay_the_grid_aliased_spiral,
          minmay_the_grid_fan, minmay_the_grid_paths, minmay_the_grid_dragon_a,
          minmay_the_grid_prize_four_corners], layout_cave_pods,
          nzn_wu_jian_council_hall
D:8:      layout_basic, uniq_psyche
D:9:      layout_basic, mainiacjoe_overflow_24_doors, evilmike_ruin_ashenzari,
          uniq_maurice
D:10:     layout_basic, nicolae_overflow_crystal_walls, marbit_many_paths
D:11:     layout_roguey, dpeg_oklobed_lair, minmay_orc_entry_temple_small,
          uniq_josephine

Skill      XL: |  1  2  3  4  5  6  7  8  9 10 11 |
---------------+----------------------------------+-----
Spellcasting   | 5 6 7 8 10 12 13 | 13.9
Fighting       | 1 2 3 4 |  4.0
Armour         | 1 3 4 |  4.0
Conjurations   | 2 3 4 5 6 7 8 |  8.0
Stealth        | 3 |  3.0
Dodging        | 3 |  3.2
Alchemy        | 1 |  1.0
Air Magic      | 1 |  1.1
Evocations     | 1 |  1.2
Hexes          | 1 |  1.1
Ice Magic      | 1 2 4 5 6 |  6.9
Fire Magic     | 1 3 5 6 |  6.5
Earth Magic    | 1 |  1.0
Summonings     | |  1.1
Translocations | |  1.1

Action                     |  1- 3 |  4- 6 |  7- 9 | 10-12 || total
---------------------------+-------+-------+-------+-------++-------
  Melee: Dagger            |     5 |    24 |       |       ||    29
         Trident           |       |       |    52 |    38 ||    90
   Cast: Magic Dart        |    51 |   113 |    36 |    12 ||   212
         Mephitic Cloud    |     2 |     8 |    21 |    21 ||    52
         Call Imp          |       |     1 |     2 |       ||     3
         Ensorcelled Hiber |       |     1 |       |       ||     1
         Foxfire           |       |       |   121 |   107 ||   228
         Blink             |       |       |     1 |       ||     1
         Stone Arrow       |       |       |       |    32 ||    32
  Evoke: Wand              |       |       |     5 |       ||     5
   Stab: Confused          |       |     5 |     6 |     3 ||    14
         Paralysed         |       |       |     1 |       ||     1
         Sleeping          |       |       |       |     2 ||     2
 Armour: Robe              |     5 |    31 |    29 |    43 ||   108
  Dodge: Dodged            |     8 |    38 |    28 |    47 ||   121

Table legend: (Time is in decaauts)
 A = Elapsed time spent in this place.
 B = Non-inter-level travel time spent in this place.
 C = Inter-level travel time spent in this place.
 D = Time resting spent in this place.
 E = Time spent auto-exploring this place.
 F = Levels seen in this place.
 G = Mean time per level.
                   A        B        C        D        E       F      G
               +--------+--------+--------+--------+--------+-----+--------+
         Total |   9479 |   9184 |    295 |    527 |   7245 |  11 |  861.7 |
       Dungeon |   9479 |   9184 |    295 |    527 |   7245 |  11 |  861.7 |
               +--------+--------+--------+--------+--------+-----+--------+

Top non-repeatable levels by time:
     D:7: 1316 daAuts
     D:2: 1086 daAuts
     D:3: 1076 daAuts
     D:9: 1051 daAuts
    D:10: 1033 daAuts
     D:8: 859 daAuts
     D:1: 853 daAuts
     D:5: 766 daAuts
     D:4: 662 daAuts
     D:6: 619 daAuts
    D:11: 153 daAuts
